 Dungeon Sprint DCSS version 0.30.1-11-g7821555f0a (webtiles) character file.

Game seed: 12694344174714115509

44 Heoruswealwe the Poker (level 3, -5/36 HPs)
             Began as a Minotaur Fighter on Jan 2, 2024.
             Slain by an ogre
             ... wielding a +0 giant spiked club
              (20 damage)
             ... in the Dungeon (Sprint IX: "|||||||||||||||||||||||||||||").
             The game lasted 00:00:40 (69 turns).

Heoruswealwe the Poker (Minotaur Fighter)             Turns: 69, Time: 00:00:41

Health: -5/36      AC:  7    Str: 22    XL:     3   Next: 41%
Magic:  2/2        EV:  9    Int:  5    God:
Gold:   0          SH:  4    Dex:  9    Spells: 2/2 levels left

rFire   . . .        a - +0 trident
rCold   . . .        d - +0 buckler
rNeg    . . .        c - +0 scale mail
rPois   .            (helmet restricted)
rElec   .            (no cloak)
rCorr   .            (no gloves)
SInv    .            (no boots)
Will    .....        (no amulet) Stlth
                     (no ring)
HPRegen 0.26/turn    (no ring)
MPRegen 0.08/turn

%: no teleportation
@: no status effects
A: horns 2, retaliatory headbutt
a: no special abilities


You were in the Dungeon.
You visited 1 branch

Inventory:

Hand Weapons
 a - a +0 trident (weapon)
Armour
 c - a +0 scale mail (worn)
 d - a +0 buckler (worn)
Scrolls
 j - a scroll of blinking
Potions
 b - a potion of might
 e - a potion of curing
 g - a potion of haste
 i - a potion of berserk rage


   Skills:
 + Level 5.4 Fighting
 * Level 6.2 Polearms
 + Level 5.4 Armour
 - Level 3.6 Shields


You had 2 spell levels left.
You didn't know any spells.
Your spell library was empty.

Dungeon Overview and Level Annotations

Branches:
Dungeon (1/1)

Altars:


Innate Abilities, Weirdness & Mutations

You have a pair of horns on your head.
You reflexively headbutt those who attack you in melee.


Message History

You open the door.
A jelly, a white imp, an ogre, an ufetubus and an iguana come into view.
The jelly quivers.
The white imp shouts!
The ufetubus shouts!
The iguana hisses angrily.
You barely miss the iguana. The iguana bites you.
You hit the iguana.
The iguana is moderately wounded.
The iguana bites you.
You hit the iguana. Your headbutt misses the iguana.
The iguana is moderately wounded.
The iguana bites you!
You hit the iguana.
The iguana is moderately wounded.
The iguana bites you but does no damage.
You puncture the iguana! You headbutt the iguana.
You kill the iguana!
You block the ufetubus's attack. The ufetubus misses you.
Your Fighting skill increases to level 5!
Your Polearms skill gained 2 levels and is now at level 6!
Your Armour skill increases to level 5!
You have reached level 3!
Your experience leads to an increase in your attributes!
Increase (S)trength, (I)ntelligence, or (D)exterity?
You feel stronger. x2
You hit the ufetubus.
The ufetubus is lightly wounded.
The ufetubus barely misses you.
The ufetubus hits you but does no damage.
You closely miss the ufetubus. You headbutt the ufetubus.
You kill the ufetubus!
You puncture the ogre!
The ogre is moderately wounded.
The ogre hits you but does no damage.
You closely miss the ogre.
The ogre is moderately wounded.
You barely miss the ogre.
The ogre is moderately wounded.
The ogre hits you with a +0 giant spiked club!!
Ouch! That really hurt!
You die...

▓+▓
▓.▓
▓.▓
▓.▓
▓J▓
▓5▓
▓O▓
▓@▓
▓.▓
▓.▓
▓.▓
▓.▓
▓)▓
▓.▓
▓!▓
▓.▓


You could see an ogre, a jelly and a white imp.

Vanquished Creatures
  An iguana (D)
  A gnoll (D)
  An ufetubus (D)
  A ball python (D)
  A goblin (D)
  A hobgoblin (D)
  A rat (D)
7 creatures vanquished.

Notes
Turn   | Place    | Note
-------+----------+-------------------------------------------
     0 | D        | Heoruswealwe the Minotaur Fighter began the quest for the
                  | Orb.
     0 | D        | Reached XP level 1. HP: 19/19 MP: 0/0
    10 | D        | Reached skill level 4 in Polearms
    10 | D        | Reached XP level 2. HP: 21/28 MP: 1/1
    59 | D        | Noticed an ogre
    65 | D        | Reached skill level 5 in Fighting
    65 | D        | Reached skill level 6 in Polearms
    65 | D        | Reached skill level 5 in Armour
    65 | D        | Reached XP level 3. HP: 13/36 MP: 2/2
    69 | D        | Slain by an ogre

Illustrated notes

Levels and vault maps discovered:
D:        linesprint [early_d, line_temple, items_1, d_10, items_2, lair_1,
          lair_end, items_3, orc_1, orc_end, items_4, d_15, swamp_1, shoals_1,
          snake_1, spider_1, d_20, vaults_1, items_5, swamp_end, shoals_end,
          snake_end, spider_end, vaults_end, d_27, items_6, zot_1, zot_end,
          crypt_end, forest_end, elf_end, slime_end, tomb_end, abyss_end,
          pan_hell_end]

Skill      XL: |  1  2 |
---------------+-------+-----
Fighting       | 4 5 |  5.4
Polearms       | 4 6 |  6.2
Armour         | 4 5 |  5.4
Shields        | |  3.6

Action                     || total
---------------------------++-------
  Melee: Trident           ||    23
         Headbutt          ||     2
    Use: Potion            ||     1
 Armour: Scale mail        ||     6
  Dodge: Dodged            ||     4
  Block: Buckler           ||     2
